 Dungeon Crawl Stone Soup version 0.23.1 (webtiles) character file.

Game seed: 2372573544751874720

6 Borgoz the Grasshopper (level 1, 0/18 HPs)
             Began as a Ghoul Warper on Mar 8, 2019.
             Slain by a frilled lizard (1 damage)
             ... on level 1 of the Dungeon.
             The game lasted 00:00:27 (256 turns).

Borgoz the Grasshopper (Ghoul Warper)                Turns: 256, Time: 00:00:27

Health: 0/18       AC:  3    Str: 14    XL:     1   Next: 90%
Magic:  2/2        EV: 11    Int:  8    God:
Gold:   10         SH:  0    Dex:  8    Spells: 3/3 levels left

rFire    . . .     SeeInvis .     - Unarmed
rCold    + . .     Gourm    .   (no shield)
rNeg     + + +     Faith    .   a - +0 leather armour
rPois    ∞         Spirit   .   (no helmet)
rElec    .         Reflect  .   (no cloak)
rCorr    .         Harm     .   (no gloves)
MR       .....                  (no boots)
Stlth    +.........             (no amulet)
HPRegen  0.00/turn              (no ring)
MPRegen  0.08/turn              (no ring)

@: rotting
A: rotting body, claws 1, carnivore, cold resistance 1, negative energy
resistance 3, inhibited regeneration, torment resistance, unbreathing
a: no special abilities


You were on level 1 of the Dungeon.
You were not hungry.

You visited 1 branch of the dungeon, and saw 1 of its levels.

You collected 10 gold pieces.

Inventory:

Missiles
 d - 5 tomahawks of dispersal (quivered)
Armour
 a - a +0 leather armour (worn)
Scrolls
 c - a scroll of blinking
 e - a scroll of identify {unknown}
Potions
 b - 2 potions of haste {unknown}
Comestibles
 f - a ration
 g - 3 chunks of flesh


   Skills:
 + Level 2.3 Fighting
 - Level 0.8 Throwing
 + Level 1.0 Armour
 + Level 1.9 Dodging
 + Level 2.3 Unarmed Combat
 + Level 1.8 Spellcasting
   Level 2.6 Translocations


You had 3 spell levels left.
You didn't know any spells.
Your spell library contained the following spells:

 Spells                   Type           Power        Failure   Level  Hunger
 Blink                    Tloc           N/A          22%         2    ###....
 Shroud of Golubria       Chrm/Tloc      #.........   36%         2    ###....
 Gell's Gravitas          Tloc           #.........   41%         3    ####...
 Lesser Beckoning         Tloc           #.........   41%         3    ####...
 Teleport Other           Tloc           #.......     41%         3    ####...
 Passage of Golubria      Tloc           N/A          83%         4    #####..


Dungeon Overview and Level Annotations

Branches:
Dungeon (1/15)

Altars:


Innate Abilities, Weirdness & Mutations

Your body is rotting away.
You thrive on raw meat.
You are immune to poison.
You have sharp fingernails.
You are carnivorous and can eat meat at any time.
Your flesh is cold resistant. (rC+)
You are immune to negative energy. (rN+++)
You do not regenerate when monsters are visible.
You are immune to unholy pain and torment.
You can survive without breathing.


Message History

You kill the rat!
A kobold comes into view.
The rat barely misses you.
You closely miss the frilled lizard. The rat bites you.
The frilled lizard misses you.
You are too injured to fight recklessly!
You are too injured to fight recklessly!
You are too injured to fight recklessly!
You are too injured to fight recklessly!
You scratch the frilled lizard but do no damage.
The frilled lizard bites you but does no damage.
You barely miss the frilled lizard. The frilled lizard bites you.
The kobold hits you.
* * * LOW HITPOINT WARNING * * *
You scratch the kobold but do no damage.
The frilled lizard completely misses you.
The kobold hits you.
* * * LOW HITPOINT WARNING * * *
You closely miss the kobold. The frilled lizard bites you.
You die...

.......# ......#
.##.##....#
...K.....# ###
..#..#?.# ...
#.#.#.K# ...
.####..##.## # ###
## ......K##r.#
#.#.# #@#.## .#.#
##l.K## ...
##.....## #.###
#.......## #.#.##
#...(.....###....###
+........÷'....)....
#.........####...#.#
##.......## ##.##.#
##.....## #......


You could see 2 kobolds and a frilled lizard.

Vanquished Creatures
  A bat (D:1)
  A giant cockroach (D:1)
  A goblin (D:1)
  3 rats (D:1)
6 creatures vanquished.

Notes
Turn   | Place    | Note
-------+----------+-------------------------------------------
     0 | D:1      | Borgoz the Ghoul Warper began the quest for the Orb.
     0 | D:1      | Reached XP level 1. HP: 17/17 MP: 2/2
   106 | D:1      | Reached skill level 1 in Armour
   256 | D:1      | Slain by a frilled lizard

Skill      XL: |  1 |
---------------+----+-----
Armour         | 1 |  1.0
Fighting       | |  2.3
Throwing       | |  0.8
Dodging        | |  1.9
Unarmed Combat | |  2.3
Spellcasting   | |  1.8
Translocations | |  2.6

Action                   || total
-------------------------++-------
Melee: Unarmed           ||    22
Armor: Leather armour    ||     4
Dodge: Dodged            ||    11
